 Dungeon Crawl Stone Soup version 0.22-a0-479-gc6e99f3 (webtiles) character file.

121878 varam the Fighter (level 16, -3/131 HPs)
             Began as a Gnoll Wanderer on June 13, 2018.
             Was the Champion of Ashenzari.
             Killed from afar by Nikola (28 damage)
             ... with a chain lightning
             ... on level 2 of the Snake Pit on June 17, 2018.
             The game lasted 01:45:46 (34230 turns).

varam the Fighter (Gnoll Wanderer)                 Turns: 34230, Time: 01:45:47

Health: -3/131     AC: 29    Str: 30    XL:     16   Next: 86%
Magic:  30/30      EV: 16    Int: 19    God:    Ashenzari [******]
Gold:   1298       SH: 30    Dex: 14    Spells: 28/36 levels left

rFire    x . .     SeeInvis +   g - +6 rapier of Gluttony {speed, rF- MR+ Str+7}
rCold    + . .     Gourm    .   x - +6 large shield (curse)
rNeg     . . .     Faith    .   u - +11 chain mail of Puegaw {rC+ rCorr} (curse)
rPois    .         Spirit   .   n - +0 helmet
rElec    .         Reflect  +   (no cloak)
rCorr    +         Harm     .   Q - +0 pair of gloves
MR       ++...     Clarity  +   V - +2 pair of boots (curse)
Stlth    ++........             G - +3 amulet of reflection (curse)
HPRegen  0.31/turn              T - +5 ring of strength (curse)
MPRegen  0.22/turn              v - +3 ring of evasion (curse)

@: no status effects
A: distributed training, fangs 1, strong nose
a: Curse Item, Scrying, Renounce Religion


You were on level 2 of the Snake Pit.
You worshipped Ashenzari.
Ashenzari was exalted by your worship.
You were not hungry.

You visited 4 branches of the dungeon, and saw 25 of its levels.

You collected 2490 gold pieces.
You spent 1192 gold pieces at shops.

Inventory:

Hand Weapons
 g - the +6 rapier of Gluttony (weapon) {speed, rF- MR+ Str+7}
   (You found it on level 1 of the Lair of Beasts)

   Attacks with this weapon are significantly faster.
   It affects your strength (+7).
   It makes you vulnerable to fire.
   It affects your resistance to hostile enchantments.
 p - a +4 scimitar of flaming
Missiles
 a - 51 arrows
 y - 30 tomahawks (quivered)
Armour
 n - a +0 helmet (worn)
 u - the cursed +11 chain mail of Puegaw (worn) {rC+ rCorr}
   (You found it on level 2 of the Lair of Beasts)

   It protects you from cold.
   It protects you from acid and corrosion.
   It has a curse placed upon it.
 x - a cursed +6 large shield (worn)
 Q - a +0 pair of gloves (worn)
 V - a cursed +2 pair of boots (worn)
Jewellery
 f - an uncursed ring of protection from fire
 h - a +6 ring of intelligence
 v - a cursed +3 ring of evasion (right hand)
 E - an uncursed amulet of rage
 G - a cursed +3 amulet of reflection (around neck)
 S - an uncursed amulet of regeneration
 T - a cursed +5 ring of strength (left hand)
Wands
 b - a wand of paralysis (5)
 c - a wand of disintegration (2)
 l - a wand of scattershot (1)
 r - a wand of flame (38)
 L - a wand of iceblast (10)
 O - a wand of acid (12)
 U - a wand of enslavement (4)
Scrolls
 i - a scroll of enchant armour
 t - a scroll of teleportation
 w - a scroll of remove curse
 D - a scroll of fear {unknown}
 F - 2 scrolls of brand weapon
 H - a scroll of vulnerability {unknown}
 K - 5 scrolls of magic mapping
 N - a scroll of noise {unknown}
 P - a scroll of silence {unknown}
 W - 2 scrolls of acquirement {unknown}
 X - 2 scrolls of fog
 Z - 4 scrolls of immolation
Potions
 d - 3 potions of might
 m - a potion of brilliance
 o - 3 potions of magic
 q - 7 potions of curing
 s - 5 potions of agility
 A - 2 potions of ambrosia
 B - 3 potions of heal wounds
 C - 7 potions of flight
 I - 2 potions of invisibility
 J - 2 potions of resistance {unknown}
 M - a potion of haste {unknown}
 R - 2 potions of lignification {unknown}
Miscellaneous
 k - a crystal ball of energy
Comestibles
 e - 34 rations


   Skills:
 + Level 13.4 Fighting
 + Level 10.9 Short Blades
 + Level 11.2 Long Blades
 + Level 10.9 Axes
 + Level 10.9 Maces & Flails
 + Level 10.9 Polearms
 + Level 10.9 Staves
 + Level 10.9 Slings
 + Level 10.9 Bows
 + Level 11.2 Crossbows
 + Level 10.9 Throwing
 + Level 11.2 Armour
 + Level 11.2 Dodging
 + Level 10.9 Stealth
 + Level 11.2(13.9) Shields
 + Level 10.9 Unarmed Combat
 + Level 10.9 Spellcasting
 + Level 9.3(13.6) Conjurations
 + Level 9.3(13.6) Hexes
 + Level 9.3(13.6) Charms
 + Level 9.3(13.6) Summonings
 + Level 9.3(13.6) Necromancy
 + Level 9.3(13.6) Translocations
 + Level 9.3(13.6) Transmutations
 + Level 9.3(13.6) Fire Magic
 + Level 9.3(13.6) Ice Magic
 + Level 9.3(13.6) Air Magic
 + Level 9.3(13.6) Earth Magic
 + Level 9.3(13.6) Poison Magic
 + Level 11.8 Invocations
 + Level 11.2(15.4) Evocations


You had 28 spell levels left.
You knew the following spells:

 Your Spells              Type           Power        Failure   Level  Hunger
a - Mephitic Cloud        Conj/Pois/Air  ######..     1%          3    None
b - Passwall              Tmut/Erth      ######..     1%          2    None
c - Regeneration          Chrm/Necr      ######....   1%          3    None

Your spell library contained the following spells:

 Spells                   Type           Power        Failure   Level  Hunger
 Magic Dart               Conj           ####         1%          1    None
 Fireball                 Conj/Fire      ######....   11%         5    ####...
 Apportation              Tloc           ######       1%          1    None
 Conjure Flame            Conj/Fire      ######..     1%          3    None
 Bolt of Magma            Conj/Fire/Erth ######....   11%         5    ####...
 Confuse                  Hex            ######..     1%          3    None
 Throw Flame              Conj/Fire      ######       1%          2    None
 Venom Bolt               Conj/Pois      ######....   11%         5    ####...
 Olgreb's Toxic Radiance  Pois           ######..     3%          4    ##.....
 Summon Small Mammal      Summ           ####         1%          1    None
 Iskenderun's Mystic Bla  Conj           ######..     3%          4    ##.....
 Animate Dead             Necr           N/A          3%          4    ##.....
 Pain                     Necr           ####         1%          1    None
 Animate Skeleton         Necr           N/A          1%          1    None
 Vampiric Draining        Necr           ######....   1%          3    None
 Sticky Flame             Conj/Fire      ######..     3%          4    ##.....
 Sting                    Conj/Pois      ####         1%          1    None
 Iron Shot                Conj/Erth      ######....   52%         6    ######.
 Spider Form              Tmut/Pois      ######....   1%          3    None
 Blade Hands              Tmut           ######....   11%         5    ####...
 Statue Form              Tmut/Erth      ######...    52%         6    ######.
 Ice Form                 Ice/Tmut       ######..     3%          4    ##.....
 Confusing Touch          Hex            ######       1%          1    None
 Flame Tongue             Conj/Fire      #####        1%          1    None
 Sticks to Snakes         Tmut           ######..     1%          2    None
 Metabolic Englaciation   Hex/Ice        ######....   11%         5    ####...
 Shatter                  Erth           ######....   100%        9    #######
 Sandblast                Erth           ######       1%          1    None
 Petrify                  Tmut/Erth      ######..     3%          4    ##.....
 Orb of Destruction       Conj           ######....   97%         7    #######
 Leda's Liquefaction      Hex/Erth       ######....   3%          4    ##.....
 Inner Flame              Hex/Fire       ######..     1%          3    None
 Beastly Appendage        Tmut           ######       1%          1    None
 Iskenderun's Battlesphe  Conj/Chrm      ######..     11%         5    ####...
 Fulminant Prism          Conj/Hex       ######....   3%          4    ##.....
 Dazzling Spray           Conj/Hex       ######       1%          3    None
 Force Lance              Conj/Tloc      ######..     3%          4    ##.....
 Searing Ray              Conj           ######       1%          2    None
 Spellforged Servitor     Conj/Summ      ######....   97%         7    #######
 Gell's Gravitas          Tloc           ######....   1%          3    None
 Yara's Violent Unravell  Hex/Tmut       ######....   11%         5    ####...
 Poisonous Vapours        Pois/Air       ######       1%          2    None


Dungeon Overview and Level Annotations

Branches:
Dungeon (15/15)            Temple (0/1) D:4            Lair (6/6) D:9
 Shoals (0/4) Lair:3        Snake (2/4) Lair:3        Slime (0/5) Lair:5
    Orc (2/2) D:12            Elf (0/3) Orc:2        Vaults (0/5) D:14
 Depths (0/5) D:15

Altars:
Ashenzari
Cheibriados
Dithmenos
Gozag
Hepliaklqana
Makhleb
Ru
Xom
The Shining One
Jiyva

Shops:
D:9 [   D:15 }   Orc:1 }   Orc:2 *(([   Snake:2 :}

Annotations:
Lair:2 exclusion: 3 oklob plants
Lair:5 1 runed door
Snake:2 Nikola


Innate Abilities, Weirdness & Mutations

Your experience applies equally to all skills.
You have very sharp teeth.
Your uncanny sense of smell can sniff out nearby items.


Message History

Press: ? - help, Shift-Dir - straight line, f/p - Nikola
Aim: Nikola, wielding a rapier of electrocution, wearing a cloak and wearing a pair of gloves (moderately wounded)
The bolt of acid hits Nikola.
Nikola is splashed with acid.
The acid corrodes Nikola!
Nikola is heavily wounded.
Nikola points at you and mumbles some strange words.
The bolt of lightning hits you!
Evoke which item? (* to show all) (? for menu, Esc to quit)
Aiming: Scattershot
Press: ? - help, Shift-Dir - straight line, f/p - Nikola
Aim: Nikola, wielding a rapier of electrocution, wearing a cloak and wearing a pair of gloves (heavily wounded, covered in acid)
The burst of metal fragments hits Nikola. x3
Nikola is almost dead.
Nikola mumbles some strange words.
You hear a mighty clap of thunder!
The lightning arc hits you!
The lightning arc hits Nikola.
The lightning arc hits you!
* * * LOW HITPOINT WARNING * * *
The lightning arc hits Nikola.
The lightning arc hits you!
You die...

.).....)().#.......# , *, , ,
)∩).#).∩....)..$...##.. , , , ,
...........#.......... .** ,,
,, ..8...8...##......#..#.#**
,,,, .........###..(.....##.##.
,,, ,,
#.......###....(..###..(.# , **
##.....###.......(((..(.,,, ,
###...###.....!.)(..@...,,, * *
.###!###......#.@(..#.... *
............###.....#.(.#*
......#####..##........#
.....#....... ##)......#
.....#......###........#
#............#).......##*******
##........[............. ,
.#..............#....#### ***
.[.............###..## * ,*


You could see Nikola.

Vanquished Creatures
  A nagaraja (Snake:1)
  The ghost of Mgcat the Severer, a journeyman DsBe of Trog (Orc:2)
  Nessos (Lair:6)
  A yaktaur captain (D:15)
  9 hydras
  7 naga warriors
  7 two-headed ogres
  4 anacondas
  2 dancing weapons (D:14)
  A tengu warrior (D:15)
  2 centaur warriors
  6 death yaks
  The ghost of zkyp the Protected, a novice FoWn of Gozag (D:9)
  4 naga sharpshooters
  3 orc high priests (Orc:2)
  4 shock serpents (Snake:1)
  Nergalle (Lair:4)
  A salamander mystic (Snake:1)
  A fire crab (Lair:6)
  The ghost of Zorot the Fighter, a novice DsGl (D:8)
  4 skeletal warriors
  4 unseen horrors
  A wizard (D:14)
  2 naga ritualists (Snake:2)
  Pikel (D:8)
  12 mana vipers
  2 ugly things
  5 orc knights
  3 wolf spiders (Orc:1)
  4 orc sorcerers
  A deep elf mage (D:14)
  4 salamanders
  2 manticores
  3 cyclopes
  5 naga magi
  27 black mambas
  6 elephants (Lair:2)
  2 torpor snails
  A kobold demonologist (D:12)
  20 spiny frogs
  4 rime drakes
  10 komodo dragons
  An efreet (D:13)
  11 polar bears
  A troll (Orc:1)
  A tengu conjurer (D:15)
  9 blink frogs
  4 hornets
  7 hippogriffs
  A raiju (shapeshifter) (D:15)
  2 raiju (Lair:6)
  8 redbacks
  2 dream sheep (Lair:6)
  2 shadows (D:14)
  Sigmund (D:2)
  A fire elemental (Lair:4)
  50 yaks
  A wyvern (Lair:4)
  A human (D:7)
  3 hogs (D:7)
  5 vampire mosquitoes
  2 basilisks
  A hungry ghost (D:10)
  8 wargs
  A steam dragon (Lair:5)
  21 nagas
  15 hell hounds (Lair:6)
  13 water moccasins
  4 porcupines
  A meliai simulacrum (D:15)
  A hornet zombie (D:14)
  3 phantoms
  2 slaves (D:8)
  27 orc warriors
  14 black bears
  2 sky beasts (D:9)
  An eye of draining (D:12)
  19 wolves (Lair:6)
  A necrophage (D:13)
  2 ice beasts
  12 ogres
  13 crocodiles
  7 centaurs
  4 big kobolds
  18 bullfrogs
  A wyvern zombie (D:11)
  5 scorpions
  2 wyvern skeletons (D:12)
  16 killer bees
  3 wights (D:10)
  6 electric eels
  5 crimson imps
  2 quasits
  4 centaur skeletons
  3 jellies
  15 orc priests
  6 hounds
  A bullfrog skeleton (D:10)
  Ijyb (D:3)
  6 iguanas
  19 orc wizards
  7 hell rats (Lair:3)
  5 worker ants
  A killer bee zombie (D:5)
  A worker ant zombie (D:7)
  12 adders
  10 gnolls
  6 shadow imps
  An ooze (Lair:6)
  3 adder skeletons (D:6)
  3 dart slugs
  A leopard gecko (D:10)
  78 orcs
  A ball python (D:2)
  6 bats
  7 giant cockroaches
  3 goblins
  8 hobgoblins
  11 jackals
  26 kobolds
  5 quokkas
  3 frilled lizards
  A quokka skeleton (D:4)
  7 rats
  A fungus (Lair:6)
  2 plants (Lair:6)
788 creatures vanquished.

Vanquished Creatures (collateral kills)
  A naga warrior (Snake:2)
  An anaconda (Snake:2)
  A naga ritualist (Snake:2)
  A mana viper (Snake:2)
  A naga mage (Snake:2)
  A naga (Snake:2)
6 creatures vanquished.

Vanquished Creatures (others)
  An anaconda (Snake:2)
  A centaur warrior (D:15)
  A cyclops (D:15)
  4 black mambas
  A redback (D:12)
  2 slaves
  A centaur (D:9)
  A bullfrog (D:8)
  An orc wizard (Orc:2)
  An orc (Orc:2)
  7 fungi
  13 plants
34 creatures vanquished.

Grand Total: 828 creatures vanquished

Notes
Turn   | Place    | Note
-------+----------+-------------------------------------------
     0 | D:1      | varam the Gnoll Wanderer began the quest for the Orb.
     0 | D:1      | varam set off with: a +2 falchion, a +0 shortbow, 26 arrows, a ration, a +0 robe, a potion of curing
     0 | D:1      | Reached XP level 1. HP: 26/26 MP: 2/2
   217 | D:1      | Reached XP level 2. HP: 33/33 MP: 3/3
   879 | D:2      | Found a hazy altar of Hepliaklqana.
   929 | D:3      | Reached skill level 1 in Invocations
   929 | D:3      | Reached XP level 3. HP: 18/38 MP: 4/4
   937 | D:3      | Reached skill level 1 in Short Blades
   937 | D:3      | Reached skill level 1 in Axes
   937 | D:3      | Reached skill level 1 in Maces & Flails
   937 | D:3      | Reached skill level 1 in Polearms
   937 | D:3      | Reached skill level 1 in Staves
   937 | D:3      | Reached skill level 1 in Slings
   937 | D:3      | Reached skill level 1 in Bows
   937 | D:3      | Reached skill level 1 in Throwing
   937 | D:3      | Reached skill level 1 in Stealth
   937 | D:3      | Reached skill level 1 in Unarmed Combat
   937 | D:3      | Reached skill level 1 in Spellcasting
  1206 | D:3      | Noticed Ijyb
  1284 | D:3      | Killed Ijyb
  1284 | D:3      | Reached XP level 4. HP: 24/45 MP: 6/6
  1581 | D:3      | Reached skill level 1 in Conjurations
  1581 | D:3      | Reached skill level 1 in Hexes
  1581 | D:3      | Reached skill level 1 in Charms
  1581 | D:3      | Reached skill level 1 in Summonings
  1581 | D:3      | Reached skill level 1 in Necromancy
  1581 | D:3      | Reached skill level 1 in Translocations
  1581 | D:3      | Reached skill level 1 in Transmutations
  1581 | D:3      | Reached skill level 1 in Fire Magic
  1581 | D:3      | Reached skill level 1 in Ice Magic
  1581 | D:3      | Reached skill level 1 in Air Magic
  1581 | D:3      | Reached skill level 1 in Earth Magic
  1581 | D:3      | Reached skill level 1 in Poison Magic
  1603 | D:3      | Reached XP level 5. HP: 17/51 MP: 7/7
  1857 | D:2      | Found a faded altar of an unknown god.
  2233 | D:2      | Noticed Sigmund
  2243 | D:2      | Killed Sigmund
  2243 | D:2      | Reached XP level 6. HP: 33/57 MP: 8/8
  2414 | D:2      | Became a worshipper of Ashenzari the Shackled
  2414 | D:2      | Reached * piety under Ashenzari
  2682 | D:3      | HP: 1/57 [orc priest/divine providence (12)]
  2991 | D:3      | Found an opulent altar of Gozag.
  2992 | D:3      | Found a snail-covered altar of Cheibriados.
  3155 | D:3      | Found a burning altar of Makhleb.
  3156 | D:3      | Found a shimmering altar of Xom.
  3387 | D:4      | Found a sacrificial altar of Ru.
  3428 | D:4      | Found a staircase to the Ecumenical Temple.
  3742 | D:4      | Reached XP level 7. HP: 62/63 MP: 10/10
  4179 | D:5      | Entered Level 5 of the Dungeon
  4671 | D:5      | Reached ** piety under Ashenzari
  4757 | D:6      | Reached skill level 9 in Fighting
  4940 | D:6      | Reached XP level 8. HP: 48/71 MP: 10/12
  6597 | D:7      | Noticed a yak
  6629 | D:7      | Reached XP level 9. HP: 39/76 MP: 14/14
  7066 | D:7      | Found a glowing golden altar of the Shining One.
  7640 | D:8      | Reached skill level 5 in Long Blades
  7640 | D:8      | Reached skill level 5 in Crossbows
  7640 | D:8      | Reached skill level 5 in Armour
  7640 | D:8      | Reached skill level 5 in Dodging
  7640 | D:8      | Reached skill level 5 in Shields
  7640 | D:8      | Reached skill level 5 in Evocations
  7825 | D:8      | Noticed a two-headed ogre
  7856 | D:8      | Killed a two-headed ogre
  7856 | D:8      | Reached skill level 5 in Invocations
  8093 | D:8      | Reached XP level 10. HP: 40/84 MP: 17/17
  8349 | D:8      | Reached *** piety under Ashenzari
  8414 | D:8      | Noticed a two-headed ogre
  8755 | D:8      | Killed a two-headed ogre
  8755 | D:8      | Reached skill level 5 in Short Blades
  8755 | D:8      | Reached skill level 5 in Axes
  8755 | D:8      | Reached skill level 5 in Maces & Flails
  8755 | D:8      | Reached skill level 5 in Polearms
  8755 | D:8      | Reached skill level 5 in Staves
  8755 | D:8      | Reached skill level 5 in Slings
  8755 | D:8      | Reached skill level 5 in Bows
  8755 | D:8      | Reached skill level 5 in Throwing
  8755 | D:8      | Reached skill level 5 in Stealth
  8755 | D:8      | Reached skill level 5 in Unarmed Combat
  8755 | D:8      | Reached skill level 5 in Spellcasting
  9055 | D:8      | Noticed Zorot's ghost (novice DsGl)
  9057 | D:8      | Reached skill level 10 in Fighting
  9131 | D:9      | Noticed zkyp's ghost (novice FoWn)
  9340 | D:8      | Upgraded the game from 0.22-a0-469-gf26638a to 0.22-a0-479-gc6e99f3
  9748 | D:8      | Noticed Pikel
  9784 | D:8      | Killed Pikel
 10262 | D:8      | Killed Zorot's ghost
 10555 | D:9      | Reached XP level 11. HP: 88/91 MP: 19/19
 10578 | D:9      | Found a staircase to the Lair.
 10767 | D:9      | Killed zkyp's ghost
 11300 | D:9      | Reached skill level 5 in Conjurations
 11300 | D:9      | Reached skill level 5 in Hexes
 11300 | D:9      | Reached skill level 5 in Charms
 11300 | D:9      | Reached skill level 5 in Summonings
 11300 | D:9      | Reached skill level 5 in Necromancy
 11300 | D:9      | Reached skill level 5 in Translocations
 11300 | D:9      | Reached skill level 5 in Transmutations
 11300 | D:9      | Reached skill level 5 in Fire Magic
 11300 | D:9      | Reached skill level 5 in Ice Magic
 11300 | D:9      | Reached skill level 5 in Air Magic
 11300 | D:9      | Reached skill level 5 in Earth Magic
 11300 | D:9      | Reached skill level 5 in Poison Magic
 11771 | D:9      | Reached **** piety under Ashenzari
 11798 | D:9      | Noticed a two-headed ogre
 11805 | D:9      | Killed a two-headed ogre
 11820 | D:9      | Found Keschezirch's Antique Armour Shop.
 11829 | D:9      | Bought a pair of embroidered boots for 172 gold pieces
 11959 | D:10     | Entered Level 10 of the Dungeon
 11976 | D:10     | Noticed an unseen horror
 11988 | D:10     | Killed an unseen horror
 12021 | D:10     | Got the uncursed scale mail "Untitem" {rF- rCorr MP+9}
 12221 | D:10     | Noticed a two-headed ogre
 12257 | D:10     | Killed a two-headed ogre
 12660 | D:11     | Noticed a cyclops
 12712 | D:11     | Killed a cyclops
 13377 | D:11     | Reached XP level 12. HP: 99/99 MP: 22/22
 13378 | D:11     | Noticed a five-headed hydra
 13384 | D:11     | Killed a five-headed hydra
 13622 | D:11     | Found a shadowy altar of Dithmenos.
 13803 | D:11     | Noticed a two-headed ogre
 13822 | D:11     | Killed a two-headed ogre
 14251 | D:12     | Noticed a soul eater
 14661 | D:12     | Noticed a four-headed hydra
 14662 | D:12     | Noticed an eight-headed hydra
 15354 | D:12     | Reached skill level 11 in Fighting
 15366 | D:12     | Identified the +3 scale mail "Untitem" {rF- rCorr MP+9} (You found it on level 10 of the Dungeon)
 15478 | D:12     | Noticed a six-headed hydra
 15540 | D:12     | Killed a 20-headed hydra
 15657 | Lair:1   | Entered Level 1 of the Lair of Beasts
 16090 | Lair:1   | Noticed a six-headed hydra
 16106 | Lair:1   | HP: 5/100 [six-headed hydra (11)]
 16107 | Lair:1   | Killed a six-headed hydra
 17183 | Lair:1   | Reached ***** piety under Ashenzari
 17483 | Lair:1   | Identified the +6 rapier of Gluttony {speed, rF- MR+ Str+7}
 17733 | Lair:2   | Identified the +11 chain mail of Puegaw {rC+ rCorr}
 18069 | Lair:2   | Reached XP level 13. HP: 82/106 MP: 24/24
 19401 | Lair:3   | Found a staircase to the Shoals.
 19425 | Lair:3   | Learned a level 3 spell: Mephitic Cloud
 20668 | Lair:3   | Found a staircase to the Snake Pit.
 20945 | Lair:4   | Noticed Nergalle
 20969 | Lair:4   | Killed Nergalle
 21289 | Lair:4   | Reached XP level 14. HP: 114/114 MP: 26/26
 21517 | Lair:4   | Reached ****** piety under Ashenzari
 21973 | Lair:5   | Found a runed door.
 21973 | Lair:5   | Found a viscous altar of Jiyva.
 21973 | Lair:5   | Found a staircase to the Slime Pits.
 22256 | Lair:5   | Reached skill level 12 in Fighting
 22413 | Lair:6   | Entered Level 6 of the Lair of Beasts
 23289 | Lair:6   | Reached skill level 10 in Invocations
 23588 | Lair:6   | Noticed Nessos
 23608 | Lair:6   | Killed Nessos
 24116 | Lair:6   | Identified the Handbook of Satyriasis
 24156 | Lair:6   | Learned a level 2 spell: Passwall
 25038 | D:12     | Found a staircase to the Orcish Mines.
 25096 | Orc:1    | Entered Level 1 of the Orcish Mines
 25136 | Orc:1    | Reached XP level 15. HP: 122/122 MP: 24/28
 25600 | Orc:1    | Found Dahovv Ovom's Gadget Shop.
 25890 | Orc:2    | Entered Level 2 of the Orcish Mines
 25890 | Orc:2    | Found Beomek's Assorted Antiques.
 26009 | Orc:1    | Reached skill level 10 in Long Blades
 26009 | Orc:1    | Reached skill level 10 in Crossbows
 26009 | Orc:1    | Reached skill level 10 in Armour
 26009 | Orc:1    | Reached skill level 10 in Dodging
 26009 | Orc:1    | Reached skill level 10 in Shields
 26009 | Orc:1    | Reached skill level 10 in Evocations
 26118 | Orc:2    | Noticed Mgcat's ghost (journeyman DsBe)
 26431 | Orc:2    | Killed Mgcat's ghost
 26432 | Orc:2    | Found a staircase to the Elven Halls.
 26612 | Orc:2    | Found Iveaff's Antique Weapon Shop.
 26612 | Orc:2    | Found Agebrolu's Gadget Shoppe.
 26689 | Orc:2    | Found Guysump's Antique Weapon Shop.
 26689 | Orc:2    | Found Rutipueg's Antique Armour Shoppe.
 26750 | Orc:2    | Bought a scroll of remove curse for 84 gold pieces
 27167 | Orc:2    | Found a burning altar of Makhleb.
 27187 | Orc:1    | Identified the +5 leather armour of Dannipti {rCorr Int+7 Stlth-}
 27213 | Orc:1    | Bought a wand of disintegration (18) for 396 gold pieces
 27213 | Orc:1    | Bought a wand of acid (11) for 540 gold pieces
 28272 | D:13     | Learned a level 3 spell: Regeneration
 28886 | D:14     | Reached skill level 10 in Short Blades
 28886 | D:14     | Reached skill level 10 in Axes
 28886 | D:14     | Reached skill level 10 in Maces & Flails
 28886 | D:14     | Reached skill level 10 in Polearms
 28886 | D:14     | Reached skill level 10 in Staves
 28886 | D:14     | Reached skill level 10 in Slings
 28886 | D:14     | Reached skill level 10 in Bows
 28886 | D:14     | Reached skill level 10 in Throwing
 28886 | D:14     | Reached skill level 10 in Stealth
 28886 | D:14     | Reached skill level 10 in Unarmed Combat
 28886 | D:14     | Reached skill level 10 in Spellcasting
 29341 | D:14     | Found a gate to the Vaults.
 29661 | D:15     | Entered Level 15 of the Dungeon
 29899 | D:15     | Found a staircase to the Depths.
 30087 | D:15     | Found Eklitt's Gadget Shop.
 30360 | D:15     | Found an opulent altar of Gozag.
 30807 | Snake:1  | Entered Level 1 of the Snake Pit
 30863 | Snake:1  | Reached XP level 16. HP: 117/129 MP: 27/30
 30931 | Snake:1  | Reached skill level 13 in Fighting
 31943 | Snake:1  | Noticed a nagaraja
 31949 | Snake:1  | Killed a nagaraja
 33194 | Snake:2  | Noticed Nikola
 33335 | Snake:2  | Found Nemowafe's Book Emporium.
 33362 | Snake:2  | Found Yheryomm's Gadget Shoppe.
 34230 | Snake:2  | Killed from afar by Nikola

Vault maps used:
D:1:      dpeg_arrival_rooms_b
D:2:      lemuel_crystal_altar, chequers_ecumenical_altar_simple_redux,
          uniq_sigmund
D:3:      nicolae_overflow_hidden_temple, first_ration, uniq_ijyb
D:4:      overflow_temple_1_default, minmay_temple_entry_junction_2
D:7:      nicolae_overflow_crystal_walls, grunt_livestock
D:8:      uniq_pikel
D:9:      erik_lair_orcish_takeover, serial_shops, shop
D:10:     disabler_island
D:11:     nicolae_dithmenos_shadow_blocks
D:12:     cheibrodos_helix_gallery, spider_trap
D:13:     kennysheep_doodads
D:14:     erik_vaults_1, hangedman_decor_lopped, st_stairs_12
D:15:     grunt_enter_depths_snipers, serial_shops, shop_coins,
          roderic_serpentine_path, grunt_gozag_statues
Lair:1:   ldierk_geyser, grunt_megastairs_5
Lair:2:   serial_bayou_shore_a, minmay_lair_oklob_chamber, lemuel_fruit_tree
Lair:3:   shoals_dummy_entry, dummy_snake_entry, cheibrodos_lair_caveside_slide,
          beast_lair_carwin_1
Lair:4:   uniq_nergalle
Lair:5:   slime_altar_2
Lair:6:   hangedman_lair_caniforms_friends, fungi_pond_lemuel, uniq_nessos
Snake:1:  kennysheep_snake, special_room, st_stairs_14, spider_trap
Snake:2:  dpeg_oklob_gauntlet, minmay_shoptagon, uniq_nikola
Orc:1:    nicolae_orc_accident_3, serial_shops, nicolae_shop_statue_plus
Orc:2:    grunt_orc_tribal_feast, serial_shops, shop, lemuel_statue_altar

Skill      XL: |  1  2  3  4  5  6  7  8  9 10 11 12 13 14 15 16 |
---------------+-------------------------------------------------+-----
Invocations    | 1 2 3 4 5 6 7 8 9 10 11 | 11.8
Short Blades   | 1 2 3 4 5 6 7 8 9 10 | 10.9
Axes           | 1 2 3 4 5 6 7 8 9 10 | 10.9
Maces & Flails | 1 2 3 4 5 6 7 8 9 10 | 10.9
Polearms       | 1 2 3 4 5 6 7 8 9 10 | 10.9
Staves         | 1 2 3 4 5 6 7 8 9 10 | 10.9
Slings         | 1 2 3 4 5 6 7 8 9 10 | 10.9
Bows           | 1 2 3 4 5 6 7 8 9 10 | 10.9
Throwing       | 1 2 3 4 5 6 7 8 9 10 | 10.9
Stealth        | 1 2 3 4 5 6 7 8 9 10 | 10.9
Unarmed Combat | 1 2 3 4 5 6 7 8 9 10 | 10.9
Spellcasting   | 1 2 3 4 5 6 7 8 9 10 | 10.9
Conjurations   | 1 2 3 4 5 6 7 8 9 |  9.3
Hexes          | 1 2 3 4 5 6 7 8 9 |  9.3
Charms         | 1 2 3 4 5 6 7 8 9 |  9.3
Summonings     | 1 2 3 4 5 6 7 8 9 |  9.3
Necromancy     | 1 2 3 4 5 6 7 8 9 |  9.3
Translocations | 1 2 3 4 5 6 7 8 9 |  9.3
Transmutations | 1 2 3 4 5 6 7 8 9 |  9.3
Fire Magic     | 1 2 3 4 5 6 7 8 9 |  9.3
Ice Magic      | 1 2 3 4 5 6 7 8 9 |  9.3
Air Magic      | 1 2 3 4 5 6 7 8 9 |  9.3
Earth Magic    | 1 2 3 4 5 6 7 8 9 |  9.3
Poison Magic   | 1 2 3 4 5 6 7 8 9 |  9.3
Long Blades    | 3 4 5 6 7 8 9 10 11 | 11.2
Crossbows      | 3 4 5 6 7 8 9 10 11 | 11.2
Armour         | 3 4 5 6 7 8 9 10 11 | 11.2
Dodging        | 3 4 5 6 7 8 9 10 11 | 11.2
Shields        | 3 4 5 6 7 8 9 10 11 | 11.2
Evocations     | 3 4 5 6 7 8 9 10 11 | 11.2
Fighting       | 9 10 11 12 13 | 13.4

Action                   |  1- 3 |  4- 6 |  7- 9 | 10-12 | 13-15 | 16-18 || total
-------------------------+-------+-------+-------+-------+-------+-------++-------
Melee: Falchion          |    75 |   166 |   368 |  1216 |     6 |       ||  1831
       Bite              |     6 |    24 |    43 |   176 |   321 |    99 ||   669
       War axe           |       |       |    18 |       |       |       ||    18
       Rapier            |       |       |       |    55 |  1766 |   507 ||  2328
       Scimitar          |       |       |       |       |     6 |       ||     6
Throw: Tomahawk          |       |       |    26 |    69 |    58 |    45 ||   198
       Javelin           |       |       |       |       |    55 |    43 ||    98
 Cast: Mephitic Cloud    |       |       |       |       |    22 |       ||    22
       Passwall          |       |       |       |       |     5 |       ||     5
       Regeneration      |       |       |       |       |     3 |       ||     3
Invok: Curse Item        |       |     1 |     2 |     4 |     1 |       ||     8
Evoke: Wand              |       |       |       |    43 |    45 |    39 ||   127
  Use: Scroll            |       |     1 |       |    22 |     9 |     2 ||    34
       Potion            |       |       |     1 |     5 |     1 |       ||     7
 Stab: Sleeping          |     1 |     1 |     1 |     5 |     8 |     2 ||    18
       Distracted        |       |       |     1 |       |     1 |     3 ||     5
       Paralysed         |       |       |       |    68 |     3 |       ||    71
       Confused          |       |       |       |       |    20 |       ||    20
  Eat: Chunk             |     1 |     8 |     8 |    19 |    28 |     2 ||    66
       Ration            |       |       |     2 |     5 |     4 |     3 ||    14
Armor: Robe              |     1 |       |       |       |       |       ||     1
       Leather armour    |     7 |       |       |       |       |       ||     7
       Ring mail         |    11 |    41 |    68 |   145 |    17 |       ||   282
       Chain mail        |       |       |       |       |   185 |    57 ||   242
Dodge: Dodged            |    39 |    84 |   134 |   286 |   272 |    67 ||   882
Block: Large shield      |       |    84 |   363 |  1130 |  1558 |   486 ||  3621
       Other             |       |     3 |       |       |       |       ||     3
       Reflection        |       |       |     7 |    14 |    50 |    52 ||   123
       Rpst.: Falchion   |    13 |    24 |    25 |    90 |       |       ||   152

Table legend:
 A = Spawn XP
 B = Non-spawn XP
 C = Spawn XP percentage of total XP
 D = Spawn monster count
 E = Non-spawn monster count
 F = Spawn count percentage of total count
 G = Total turns spent on level
                    A         B        C        D         E        F      G
               +---------+---------+-------+---------+---------+-------+---------
         Total |       0 |  174112 |   0.0 |       0 |     796 |   0.0 | 34230
               +---------+---------+-------+---------+---------+-------+---------
           D:1 |       0 |      27 |   0.0 |       0 |      16 |   0.0 |   846
           D:2 |       0 |     261 |   0.0 |       0 |      15 |   0.0 |   672
           D:3 |       0 |     236 |   0.0 |       0 |      31 |   0.0 |  1810
           D:4 |       0 |     155 |   0.0 |       0 |      13 |   0.0 |   851
           D:5 |       0 |     314 |   0.0 |       0 |       9 |   0.0 |   560
           D:6 |       0 |     942 |   0.0 |       0 |      18 |   0.0 |  1692
           D:7 |       0 |    1355 |   0.0 |       0 |      19 |   0.0 |  1384
           D:8 |       0 |    5055 |   0.0 |       0 |      46 |   0.0 |  2589
           D:9 |       0 |    4848 |   0.0 |       0 |      51 |   0.0 |  1985
          D:10 |       0 |    3532 |   0.0 |       0 |      32 |   0.0 |  1320
          D:11 |       0 |    4479 |   0.0 |       0 |      33 |   0.0 |  1655
          D:12 |       0 |    8298 |   0.0 |       0 |      51 |   0.0 |  1775
          D:13 |       0 |    3511 |   0.0 |       0 |      17 |   0.0 |   743
          D:14 |       0 |   12604 |   0.0 |       0 |      29 |   0.0 |   835
          D:15 |       0 |    7159 |   0.0 |       0 |      16 |   0.0 |   958
        Lair:1 |       0 |    5515 |   0.0 |       0 |      23 |   0.0 |  1795
        Lair:2 |       0 |   11049 |   0.0 |       0 |      29 |   0.0 |  2140
        Lair:3 |       0 |   10618 |   0.0 |       0 |      39 |   0.0 |  1045
        Lair:4 |       0 |    5106 |   0.0 |       0 |      20 |   0.0 |   847
        Lair:5 |       0 |    3214 |   0.0 |       0 |      12 |   0.0 |   766
        Lair:6 |       0 |   23600 |   0.0 |       0 |     102 |   0.0 |  2374
       Snake:1 |       0 |   30635 |   0.0 |       0 |      60 |   0.0 |  2887
       Snake:2 |       0 |   16806 |   0.0 |       0 |      34 |   0.0 |   536
         Orc:1 |       0 |    5495 |   0.0 |       0 |      39 |   0.0 |  1292
         Orc:2 |       0 |    9298 |   0.0 |       0 |      42 |   0.0 |   873
               +---------+---------+-------+---------+---------+-------+---------
